 Dungeon Crawl Stone Soup version 0.31-a0-192-ga50d7bf3bb (webtiles) character file.

Game seed: 18176820925078227828

2083 GordonOverkill the Conjurer (level 9, -24/42 HPs)
             Began as a Vine Stalker Fire Elementalist on June 24, 2023.
             Annihilated by an ogre
             ... wielding a +0 giant club
              (25 damage)
             ... on level 7 of the Dungeon.
             The game lasted 00:18:11 (10086 turns).

GordonOverkill the Conjurer (VSFE)                 Turns: 10086, Time: 00:18:11

Health: -24/42     AC:  4    Str: 10    XL:     9   Next: 27%
Magic:  0/20       EV:  6    Int: 19    God:
Gold:   321        SH:  0    Dex: 16    Spells: 8/21 levels left

rFire   . . .        w - +3 dagger of the Demagogue {drain, rN+}
rCold   . . .        (no shield)
rNeg    + . .        a - +0 robe
rPois   .            i - +0 helmet
rElec   .            (no cloak)
rCorr   .            (no gloves)
SInv    .            r - +0 pair of boots
Will    +....        e - amulet of magic regeneration
Stlth   ++           (no ring)
HPRegen 1.07/turn    (no ring)
MPRegen 0.57/turn

%: guardian spirit
@: about to teleport, weakened, held
A: fangs 3, regeneration 1, magic shield, antimagic bite, no potion heal 2
a: no special abilities


You were on level 7 of the Dungeon.
You visited 1 branch of the dungeon, and saw 7 of its levels.

You collected 321 gold pieces.

Inventory:

Hand Weapons
 t - a +5 dagger
 w - the +3 dagger of the Demagogue (weapon) {drain, rN+}
   (You found it on level 4 of the Dungeon)

   rN:        It protects you from negative energy.
Missiles
 j - 19 poisoned darts
 v - 5 silver boomerangs
 D - a curare-tipped dart
 E - a throwing net
Armour
 a - a +0 robe (worn)
 i - a +0 helmet (worn)
 r - a +0 pair of boots (worn)
 G - a +1 leather armour of poison resistance
Jewellery
 e - an amulet of magic regeneration (around neck)
Wands
 b - a wand of polymorph (12)
 h - a wand of charming (2)
 x - a wand of quicksilver (6)
Scrolls
 c - 2 scrolls of immolation
 d - 2 scrolls of blinking {unknown}
 f - a scroll of enchant weapon
 k - a scroll of fear {unknown}
 q - a scroll of enchant armour {unknown}
 y - a scroll of amnesia {unknown}
 B - a scroll of fog {unknown}
 F - a scroll of revelation {unknown}
Potions
 g - 3 potions of curing
 l - a potion of enlightenment
 m - a potion of cancellation
 n - a potion of invisibility {unknown}
 p - a potion of degeneration {unknown}
 s - 2 potions of attraction {unknown}
 u - 3 potions of might {unknown}
 z - a potion of berserk rage {unknown}
 A - a potion of brilliance {unknown}
 C - 2 potions of mutation


   Skills:
 - Level 2.0 Fighting
 - Level 1.5 Dodging
 - Level 2.4 Stealth
 + Level 6.8 Spellcasting
 + Level 6.9 Conjurations
 + Level 6.7 Fire Magic
 + Level 1.7 Air Magic
 - Level 2.0 Evocations


You had 8 spell levels left.
You knew the following spells:

 Your Spells              Type           Power      Damage    Failure   Level
a - Foxfire               Conj/Fire      100%       2x1d9     1%          1
b - Scorch                Fire           64%        2d8       1%          2
c - Flame Wave            Conj/Fire      32%        2d9       6%          4
d - Plasma Beam           Fire/Air       11%        2x1d22    95%         6

Your spell library contained the following spells:

 Spells                   Type           Power      Damage    Failure   Level
 Magic Dart               Conj           100%       1d8       1%          1
 Searing Ray              Conj           64%        2d6       1%          2
 Inner Flame              Hex/Fire       19%        N/A       8%          3
 Stone Arrow              Conj/Erth      38%        3d9       8%          3
 Volatile Blastmotes      Fire/Tloc      38%        2d13      8%          3
 Slow                     Hex            24%        N/A       11%         1
 Ensorcelled Hibernation  Hex/Ice        12%        N/A       16%         2
 Passwall                 Tmut/Erth      5%         N/A       16%         2
 Swiftness                Air            12%        N/A       16%         3
 Vhi's Electric Charge    Tloc/Air       18%        N/A       22%         3
 Fulminant Prism          Conj/Hex       9%         3d7       26%         4
 Confusing Touch          Hex            6%         N/A       30%         3
 Vampiric Draining        Necr           6%         2d6       30%         3
 Arcjolt                  Conj/Air       11%        1d21      43%         5
 Animate Armour           Summ/Erth      12%        N/A       71%         4
 Storm Form               Tmut/Air       4%         N/A       100%        7
 Lehudib's Crystal Spear  Conj/Erth      9%         10d4      100%        8
 Maxwell's Capacitive Co  Air            6%         ∞         100%        8


Dungeon Overview and Level Annotations

Branches:
Dungeon (7/15)             Temple (0/1) D:6

Altars:
Cheibriados
Kikubaaqudgha


Innate Abilities, Weirdness & Mutations

You have razor-sharp teeth.
Your natural rate of healing is unusually fast.
When hurt, damage is shared between your health and your magic reserves.
Your bite disrupts and absorbs the magic of your enemies.
Potions cannot restore your health.


Message History

You struggle against the net.
The gnoll hits you but does no damage.
You struggle against the net.
The ogre shouts!
The gnoll hits you with a +0 flail. The gnoll completely misses you.
You struggle against the net.
The gnoll bouda shouts!
The gnoll barely misses you.
You struggle against the net.
The gnoll hits you from afar with a +0 halberd.
The orc wizard mumbles some strange words.
The orc wizard flickers and vanishes!
Deactivating autopickup; reactivate with Ctrl-A.
The gnoll hits you with a +0 flail.
The gnoll bouda barks out a call to the hunt!
The gnolls pick up the pace!
The gnoll hits you with a +0 flail!
You struggle against the net.
The gnoll barely misses you. The gnoll hits you with a +0 flail.
The gnoll hits you but does no damage.
The orc priest mumbles some strange prayers to Beogh against you.
Something writhes in agony!
Reactivating autopickup.
You feel a bit more experienced.
You struggle against the net.
The gnoll hits you from afar with a +0 halberd!
* * * LOW HITPOINT WARNING * * *
The gnoll bouda gazes fiercely through you!
You feel your attacks grow feeble. The gnoll hits you with a +0 flail.
* * * LOW HITPOINT WARNING * * *
As you read the scroll of teleportation, it crumbles to dust.
You feel strangely unstable. The gnoll barely misses you.
The gnoll hits you from afar with a +0 halberd!
* * * LOW HITPOINT WARNING * * *
The orc priest calls down the wrath of Beogh upon you.
Beogh smites you!
* * * LOW HITPOINT WARNING * * *
The gnoll bouda barely misses you. The gnoll barely misses you.
The ogre hits you with a +0 giant club!!
Ouch! That really hurt!
You die...

#≈≈≈≈~..(.........
#≈≈≈≈.o.......####
#≈≈~~.o..o....#..# .
#≈≈≈..g####.))'..# ..
#≈≈~...#..#).)####...
#≈≈..O.#..'...)....o.
#≈≈....####..........
#≈~......o.gO..#####.
#≈≈......g.@g..#...####
#≈≈~.....Og....'...#.>#
#≈≈~...........)...'..###
#≈≈~........#########...###
#≈~..........# ##....##
#≈≈.....♣.♣P..# ###...#
#≈≈###.♣.♣.♣#.. ##.)#
#.##♣♣ ♣ ### ##.# #...


You could see 2 ogres, a gnoll bouda, an orc priest and 3 gnolls.

Vanquished Creatures
  Grinder (D:3)
  2 orc warriors (D:7)
  2 ice beasts (D:6)
  2 sky beasts
  2 black bears (D:4)
  2 ogres
  A gnoll sergeant (D:7)
  3 scorpions
  A howler monkey (D:4)
  2 hounds
  A sleepcap (D:6)
  A gnoll bouda (D:6)
  A jelly (D:4)
  Jessica (D:2)
  Ijyb (D:3)
  4 iguanas
  3 orc wizards
  2 adders
  12 gnolls
  A white imp (D:6)
  An ufetubus (D:4)
  4 worms
  5 dart slugs
  7 orcs
  7 bats
  8 endoplasms
  9 giant cockroaches
  8 goblins
  7 hobgoblins
  3 jackals (D:4)
  8 quokkas
  6 ball pythons
  9 frilled lizards
  13 kobolds
  3 rats
143 creatures vanquished.

Vanquished Creatures (collateral kills)
  A gnoll bouda (D:7)
  A gnoll (D:7)
  3 kobolds (D:6)
5 creatures vanquished.

Vanquished Creatures (others)
  2 kobold brigands
  An orc wizard (D:7)
  254 foxfires
257 creatures vanquished.

Grand Total: 405 creatures vanquished

Notes
Turn   | Place    | Note
-------+----------+-------------------------------------------
     0 | D:1      | GordonOverkill the Vine Stalker Fire Elementalist began the
                  | quest for the Orb.
     0 | D:1      | Reached XP level 1. HP: 9/9 MP: 4/4
   174 | D:1      | Found a faded altar of an unknown god.
   324 | D:1      | Reached XP level 2. HP: 13/13 MP: 0/6
  1298 | D:1      | Reached XP level 3. HP: 16/16 MP: 2/8
  2011 | D:2      | Learned a level 2 spell: Scorch
  2933 | D:3      | Gained mutation: Your natural rate of healing is unusually
                  | fast. [Vine Stalker growth]
  2933 | D:3      | Reached XP level 4. HP: 20/21 MP: 1/9
  3400 | D:3      | Noticed Jessica
  3400 | D:3      | Noticed Ijyb
  3436 | D:2      | Killed Jessica
  3691 | D:3      | Killed Ijyb
  3692 | D:3      | Reached XP level 5. HP: 24/24 MP: 5/11
  4348 | D:3      | Found an ancient bone altar of Kikubaaqudgha.
  4394 | D:3      | Noticed Grinder
  4405 | D:3      | Paralysed by Grinder for 4 turns
  4410 | D:3      | Killed Grinder
  4411 | D:3      | Reached XP level 6. HP: 17/28 MP: 0/13
  4901 | D:4      | Learned a level 4 spell: Flame Wave
  5097 | D:4      | Identified the +3 dagger of the Demagogue {drain, rN+}
  5146 | D:4      | Noticed a black bear
  5273 | D:4      | Killed a black bear
  5274 | D:4      | Reached skill level 5 in Fire Magic
  5274 | D:4      | Reached XP level 7. HP: 32/32 MP: 9/15
  5693 | D:4      | Reached skill level 5 in Spellcasting
  5693 | D:4      | Reached skill level 5 in Conjurations
  6540 | D:5      | Entered Level 5 of the Dungeon
  7053 | D:5      | Reached skill level 1 in Fighting
  7053 | D:5      | Reached skill level 1 in Evocations
  7053 | D:5      | Gained mutation: You have razor-sharp teeth. [Vine Stalker
                  | growth]
  7053 | D:5      | Reached XP level 8. HP: 37/37 MP: 11/16
  7992 | D:6      | Found a staircase to the Ecumenical Temple.
  9608 | D:7      | Reached XP level 9. HP: 41/42 MP: 9/19
  9637 | D:7      | Learned a level 6 spell: Plasma Beam
  9746 | D:7      | Found a snail-covered altar of Cheibriados.
  9979 | D:7      | Reached skill level 1 in Air Magic
 10086 | D:7      | HP: 1/42 [orc priest/divine providence (10)]
 10086 | D:7      | Annihilated by an ogre

Illustrated notes

Levels and vault maps discovered:
D:1:      psy_arrival_statuary, layout_basic, basic_ecumenical_altar,
          minmay_domino_2
D:2:      layout_basic
D:3:      layout_basic, mainiacjoe_overflow_tiny_flanked, st_stairs_4,
          uniq_ijyb, uniq_jessica, uniq_grinder
D:4:      layout_loops_cross, grunt_ministairs_5, corexii_corridor_pit
D:5:      layout_cave_pools
D:6:      layout_loops_corners, minmay_temple_entry_tees
D:7:      kennysheep_seaside_town, layout_rooms, nicolae_overflow_crystal_walls

Skill      XL: |  1  2  3  4  5  6  7  8  9 |
---------------+----------------------------+-----
Conjurations   | 2 3 4 5 6 |  6.9
Spellcasting   | 3 4 5 6 |  6.8
Fire Magic     | 4 5 6 |  6.7
Fighting       | 1 2 |  2.0
Evocations     | 1 2 |  2.0
Air Magic      | 1 |  1.7
Dodging        | |  1.5
Stealth        | |  2.4

Action                     |  1- 3 |  4- 6 |  7- 9 || total
---------------------------+-------+-------+-------++-------
  Melee: Unarmed           |     5 |       |       ||     5
         Bite              |     3 |     1 |     1 ||     5
         Dagger            |     2 |     2 |     6 ||    10
         Punch             |     1 |     1 |       ||     2
   Cast: Foxfire           |    73 |    19 |    58 ||   150
         Scorch            |    19 |    51 |   106 ||   176
         Flame Wave        |       |     1 |     7 ||     8
  Evoke: Wand              |       |     3 |     5 ||     8
    Use: Scroll            |       |     1 |     8 ||     9
         Potion            |       |       |     1 ||     1
 Armour: Robe              |     1 |    11 |    16 ||    28
  Dodge: Dodged            |    11 |    34 |    52 ||    97

Table legend: (Time is in decaauts)
 A = Elapsed time spent in this place.
 B = Non-inter-level travel time spent in this place.
 C = Inter-level travel time spent in this place.
 D = Time resting spent in this place.
 E = Time spent auto-exploring this place.
 F = Levels seen in this place.
 G = Mean time per level.
                   A        B        C        D        E       F      G
               +--------+--------+--------+--------+--------+-----+--------+
         Total |  10099 |   9680 |    419 |   4446 |   3873 |   7 | 1442.7 |
       Dungeon |  10099 |   9680 |    419 |   4446 |   3873 |   7 | 1442.7 |
               +--------+--------+--------+--------+--------+-----+--------+

Top non-repeatable levels by time:
     D:1: 1899 daAuts
     D:6: 1754 daAuts
     D:4: 1747 daAuts
     D:3: 1604 daAuts
     D:2: 1323 daAuts
     D:5: 1058 daAuts
     D:7: 711 daAuts
